 Dungeon Crawl Stone Soup version 0.17-a0-1554-g3b847ca (webtiles) character file.

181 Gorice the Twirler (level 5, -5/32 HPs)
             Began as a Tengu Wanderer on July 19, 2015.
             Slain by an orc
             ... wielding a +0 short sword
              (6 damage)
             ... on level 3 of the Dungeon.
             The game lasted 00:15:17 (2675 turns).

Gorice the Twirler (Tengu Wanderer)                 Turns: 2675, Time: 00:15:17

Health: -5/32      AC:  5    Str: 15    XL:     5   Next: 61%
Magic:  7/7        EV: 11    Int: 13    God:
Gold:   136        SH:  0    Dex: 11    Spells: 0 memorised, 6 levels left

rFire  . . .     SeeInvis .     a - +0 quarterstaff
rCold  . . .     Clarity  .     c - +2 leather armour
rNeg   . . .     SustAt   .     (no shield)
rPois  +         Gourm    .     (helmet restricted)
rElec  .         Spirit   .     (no cloak)
rCorr  .         Warding  .     (no gloves)
rMut   .         Stasis   .     (boots unavailable)
MR     .....                    (no amulet)
Stlth  +.........               (no ring)
                                e - ring of poison resistance

@: about to teleport, not resistant to hostile enchantments, very unstealthy
A: beak, talons 3, able to fly 1
a: Fly


You were on level 3 of the Dungeon.
You were not hungry.

You visited 1 branch of the dungeon, and saw 3 of its levels.

You collected 136 gold pieces.

Inventory:

Hand weapons
 a - a +0 quarterstaff (weapon)
 b - a +0 hunting sling
 k - a +0 dagger of flaming
   (You took it off a goblin on level 2 of the Dungeon)
Missiles
 i - 7 poisoned needles
 l - 7 sling bullets
 Y - a throwing net
 Z - 44 stones (quivered)
Armour
 c - a +2 leather armour (worn)
 h - a +0 ring mail
 r - a +0 chain mail
Jewellery
 e - a ring of poison resistance (left hand)
Scrolls
 f - a scroll of fog {unknown}
 n - a scroll of enchant weapon {unknown}
Potions
 j - 2 potions of ambrosia {!q}
Books
 m - Duneeqog's Guide on Arcane Weapons and the Blaze

   Spells                             Type                      Level
   a - Flame Tongue                   Conjuration/Fire             1
   b - Throw Flame                    Conjuration/Fire             2
Comestibles
 d - 3 bread rations {!e}
 g - 4 chunks of flesh
 p - a meat ration {!e}


   Skills:
 + Level 3.5 Fighting
 * Level 5.2 Staves
 - Level 1.1 Throwing
 - Level 1.1 Dodging
 - Level 1.0 Spellcasting
   Level 1.3 Air Magic
   Level 1.0 Earth Magic
   Level 1.0 Evocations


You had 6 spell levels left.
You didn't know any spells.

Dungeon Overview and Level Annotations

Branches:
Dungeon (3/15)

Altars:
Gozag

Annotations:
D:2 pUX: glass loot vault


Innate Abilities, Weirdness & Mutations

You have a beak for a mouth.
You have claws for feet.
You can fly.


Message History

* * * LOW HITPOINT WARNING * * *
Something hits you.
* * * LOW HITPOINT WARNING * * *
Unknown command.
Drink which item? (? for menu, Esc to quit)
It was a potion of curing.
You feel better.
You feel less invigorated. The orc priest hits you with a war axe.
Something barely misses you. The orc closely misses you.
You hit the orc priest.
The orc priest is moderately wounded.
The orc priest misses you. The orc closely misses you.
You hear some strange, mumbled words.
Something tries to affect you, but you resist.
You hit the orc priest but do no damage.
Your kick misses the orc priest.
The orc priest is moderately wounded.
You hear some strange, mumbled words.
A puff of flame appears from out of thin air!
The puff of flame hits you! The orc closely misses you.
The orc priest hits you with a war axe.
Damage: 5 (max 10)
You hit the orc priest but do no damage.
You claw the orc priest, but do no damage.
The orc priest is moderately wounded.
You hear some strange, mumbled words.
A puff of flame appears from out of thin air!
The puff of flame hits you!
* * * LOW HITPOINT WARNING * * *
The orc hits you but does no damage.
The orc priest mumbles some strange prayers to Beogh against you.
Pain shoots through your body!
* * * LOW HITPOINT WARNING * * *
Damage: 8 (max 10)
You hit the orc priest.
You claw the orc priest, but do no damage.
You peck the orc priest.
The orc priest is severely wounded.
Something hits you.
* * * LOW HITPOINT WARNING * * *
The orc barely misses you.
The orc priest hits you but does no damage.
Damage: 1 (max 10) Unknown command.
Unknown command.
Read which item? (? for menu, Esc to quit)
Really read
q - a scroll of teleportation {!r}?
As you read the scroll of teleportation {!r}, it crumbles to dust.
You feel strangely unstable. Something hits you but does no damage.
The orc hits you with a short sword.
You die...

####........#
####....#....###
######......#####.#
.......##....## #.#
...#####......###.#
##.# #..........#.#
##.###.........().#
#......#......##{##
#....####....###@#
..##.# #...##ooo#
.###..##....##.###
.####.##.#####.
......#. #. .......
o. ..###... #. ..#
... #. ......##. #.


You could see an orc priest, an orc wizard and an orc.

Vanquished Creatures
  Terence (D:2)
  3 gnolls (D:3)
  6 adders
  An ooze (D:1)
  2 giant geckos
  3 orcs (D:3)
  8 goblins
  9 hobgoblins
  2 ball pythons
  10 bats
  5 giant cockroaches
  6 giant newts
  6 kobolds
  5 rats
67 creatures vanquished.

Notes
Turn   | Place    | Note
--------------------------------------------------------------
     0 | D:1      | Gorice the Tengu Wanderer began the quest for the Orb.
     0 | D:1      | Gorice set off with: a +2 leather armour, Duneeqog's Guide on Arcane Weapons and the Blaze, a +0 quarterstaff, a bread ration {!e}
     0 | D:1      | Reached XP level 1. HP: 12/12 MP: 3/3
     0 | D:1      | Identified Duneeqog's Guide on Arcane Weapons and the Blaze
   192 | D:1      | Reached XP level 2. HP: 17/17 MP: 4/4
   467 | D:1      | Reached skill level 3 in Staves
   519 | D:1      | Reached XP level 3. HP: 22/22 MP: 5/5
  1323 | D:2      | Found an opulent altar of Gozag.
  1369 | D:2      | Reached XP level 4. HP: 23/27 MP: 6/6
  1477 | D:2      | Reached skill level 4 in Staves
  1567 | D:2      | Noticed Terence
  1668 | D:2      | Reached skill level 3 in Fighting
  1888 | D:2      | Killed Terence
  2052 | D:2      | Gained mutation: You can fly. [Tengu growth]
  2052 | D:2      | Reached XP level 5. HP: 32/32 MP: 7/7
  2205 | D:3      | Reached skill level 5 in Staves
  2667 | D:3      | HP: 8/32 [something/magic dart (8)]
  2668 | D:3      | HP: 2/32 [something (3)]
  2673 | D:3      | HP: 7/32 [something/puff of flame (3)]
  2673 | D:3      | HP: 2/32 [orc priest/nerve-wracking pain (5)]
  2675 | D:3      | Slain by an orc

Vault maps used:
D:1:      dpeg_arrival_three_smaller_balls, roderic_serpentine_path,
          hangedman_decor_slide_cut
D:2:      kennysheep_big_flooded_room, nicolae_gozag_seed_capital, serial_glass,
          glass_columns_c, glass_columns_b, glass_columns_a, glass_columns_a,
          due_unseen_surprise, minmay_strange_pillars, moated_statue,
          hangedman_feature_mirror, minmay_crystal_room, uniq_terence
D:3:      zin_treasury, first_bread

Action                   |  1- 3 |  4- 6 || total
-------------------------+-------+-------++-------
Melee: Quarterstaff      |    86 |    98 ||   184
 Fire: Hunting sling     |       |    23 ||    23
Throw: Stone             |     1 |     3 ||     4
  Use: Scroll            |     2 |     3 ||     5
       Potion            |       |     2 ||     2
  Eat: Chunk             |     1 |     5 ||     6

Table legend:
 A = Turns spent in this place as a percentage of turns spent in the entire game.
 B = Non-inter-level travel turns spent in this place as a percentage of non-inter-level travel turns spent in the entire game.
 C = Inter-level travel turns spent in this place as a percentage of turns spent in this place.
 D = Turns resting spent in this place as a percentage of non-inter-level travel turns spent in this place.
 E = Turns spent auto-exploring this place as a percentage of non-inter-level travel turns spent in this place.
 F = Non-inter-level travel turns spent in this place divided by the number of levels of this place that you've seen.
                   A       B       C       D       E      F
               +-------+-------+-------+-------+-------+----------------------
         Total | 100.0 | 100.0 |   0.5 |   2.3 |   4.8 | 366.7
       Dungeon | 100.0 | 100.0 |   0.5 |   2.3 |   4.8 | 366.7
               +-------+-------+-------+-------+-------+----------------------

Vault maps used:
D:1:      dpeg_arrival_three_smaller_balls, roderic_serpentine_path,
          hangedman_decor_slide_cut
D:2:      kennysheep_big_flooded_room, nicolae_gozag_seed_capital, serial_glass,
          glass_columns_c, glass_columns_b, glass_columns_a, glass_columns_a,
          due_unseen_surprise, minmay_strange_pillars, moated_statue,
          hangedman_feature_mirror, minmay_crystal_room, uniq_terence
D:3:      zin_treasury, first_bread
